 Dungeon Sprint DCSS version 0.18-b1-20-g17449fe (webtiles) character file.

6598 LORDOFBUTT the Wrestler (level 10, 0/132 HPs)
             Began as a Troll Berserker on May 3, 2016.
             Was the Champion of Trog.
             Succumbed to a killer bee's poison
             ... in the Dungeon (Sprint III: "The Ten Rune Challenge").
             The game lasted 00:02:50 (906 turns).

LORDOFBUTT the Wrestler (Troll Berserker)            Turns: 906, Time: 00:02:51

Health: 0/132      AC:  5    Str: 32    XL:     10   Next: 71%
Magic:  9/9        EV: 10    Int:  3    God:    Trog [******]
Gold:   3790       SH:  0    Dex: 12    Spells: 0 memorised, 9 levels left

rFire  . . .     SeeInvis .       - Unarmed
rCold  . . .     Gourm    +     a - +0 animal skin
rNeg   . . .     Faith    .     (no shield)
rPois  .         Spirit   .     (helmet restricted)
rElec  .         Dismiss  .     (no cloak)
rCorr  .         Reflect  .     (gloves unavailable)
SustAt .         Harm     .     (boots unavailable)
MR     .....     NoTele   +     (no amulet)
Stlth  ..........               (no ring)
                                (no ring)

@: berserking, lethally poisoned (0 -> -16), very quick, not resistant to
hostile enchantments, extremely unstealthy
A: unfitting armour, claws 3, fast metabolism 3, gourmand, regeneration 2,
shaggy fur 1, tough skin 2
a: Berserk, Trog's Hand, Brothers in Arms, Burn Spellbooks, Renounce Religion


You were in the Dungeon.
You worshipped Trog.
Trog was exalted by your worship.
You were not hungry.

You visited 1 branch You collected 3790 gold pieces.

Inventory:

Armour
 a - a +0 animal skin (worn)
Scrolls
 h - a scroll of blinking
 j - a scroll of torment {unknown}
 k - 2 scrolls of immolation {unknown}
 l - 2 scrolls of remove curse
 n - a scroll of identify {unknown}
 o - a scroll of amnesia {unknown}
Potions
 c - 2 potions of curing
 d - 3 potions of heal wounds
 e - 2 potions of haste
 f - 2 potions of magic
 g - 2 potions of berserk rage
 i - 3 potions of mutation {unknown}
 q - a potion of brilliance {unknown}
 r - 2 potions of flight
Books
 s - a book of Party Tricks

   Spells                             Type                      Level
   a - Summon Butterflies             Summoning                    1
   b - Apportation                    Translocation                1
   c - Tukima's Dance                 Hexes                        3
   d - Alistair's Intoxication        Transmutation/Poison         5
   e - Invisibility                   Hexes                        6
   Trog disapproves of the use of such an item.
 t - a book of Geomancy

   Spells                             Type                      Level
   a - Sandblast                      Earth                        1
   b - Passwall                       Transmutation/Earth          2
   c - Stone Arrow                    Conjuration/Earth            3
   d - Petrify                        Transmutation/Earth          4
   e - Lee's Rapid Deconstruction     Earth                        5
   Trog disapproves of the use of such an item.
Comestibles
 b - a bread ration
 p - 3 royal jellies


   Skills:
 - Level 2.6 Fighting
 - Level 2.5 Dodging
 + Level 7.8 Stealth
 - Level 21.3 Unarmed Combat


You had 9 spell levels left.
You didn't know any spells.

Dungeon Overview and Level Annotations

Branches:
Dungeon (1/1)

Altars:
Cheibriados
Elyvilon
Fedhas
Kikubaaqudgha
Okawaru
Sif Muna
Trog
Vehumet
Yredelemnul
Zin
The Shining One

Shops:
D }


Innate Abilities, Weirdness & Mutations

You are too large for most types of armour.
You have claws for hands.
Your metabolism is lightning-fast.
You like to eat raw meat.
You heal very quickly.
You are covered in fur (AC +1).
You have very tough skin (AC +2).


Message History

You feel sick.
You barely miss the killer bee.
* * * LOW HITPOINT WARNING * * *
You feel sick. The killer bee misses you.
You barely miss the killer bee.
* * * LOW HITPOINT WARNING * * *
You feel sick. The killer bee stings you.
* * * LOW HITPOINT WARNING * * *
You are more poisoned.
The killer bee poisons you!
You miss the killer bee. Your claw misses the killer bee.
* * * LOW HITPOINT WARNING * * *
You feel sick. The killer bee stings you.
* * * LOW HITPOINT WARNING * * *
* * * LOW HITPOINT WARNING * * *
You feel sick.
You feel a strong urge to attack something.
* * * LOW HITPOINT WARNING * * *
You feel sick.
You die...

######.)())#...#
........##)#...##≈
.......###)#...≈≈≈ [......#
#.#...##≈ ).#.∩..# #.'...#
).##.#.# #######
###########################
.§≈§§.#.')..'.#.#.#yyyyy≈≈#
#§§≈#.#.#)..##.#@#y##%yy≈≈#
#§.§#.#.#)).#.#.#.#.#.y%≈≈≈≈
#§§.#...#...##.#.#.##%%%≈≈≈≈
▓▓▓▓▓▓▓▓▓▓▓▓#.#.#.#.#y%%%%.%
##.# #.##y.%..%% +.#
#.#..%%.%% ## #########


There were no monsters in sight!

Vanquished Creatures
  Erica (D)
  A centaur warrior (D)
  An orc high priest (D)
  6 deep elf magi (D)
  A queen bee (D)
  A shadow (D)
  A necrophage (D)
  2 centaurs (D)
  An earth elemental (D)
  A water elemental (D)
  A scorpion (D)
  22 killer bees (D)
  A jelly (D)
  4 orc priests (D)
  Jessica (D)
  A necromancer (D)
  A wizard (D)
  2 orc wizards (D)
  3 humans (D)
  A kobold demonologist (D)
  An ooze (D)
  11 orcs (D)
  2 rats (D)
67 creatures vanquished.

Vanquished Creatures (others)
  2 draconian scorchers (D)
  A yaktaur (D)
3 creatures vanquished.

Grand Total: 70 creatures vanquished

Notes
Turn   | Place    | Note
--------------------------------------------------------------
     0 | D        | LORDOFBUTT the Troll Berserker began the quest for the Orb.
     0 | D        | Reached XP level 1. HP: 22/22 MP: 0/0
     8 | D        | Reached ** piety under Trog
     8 | D        | Reached skill level 4 in Unarmed Combat
    12 | D        | Noticed Jessica
    16 | D        | Killed Jessica
    16 | D        | Reached skill level 6 in Unarmed Combat
    16 | D        | Reached XP level 2. HP: 29/29 MP: 1/1
    16 | D        | Reached XP level 3. HP: 36/36 MP: 2/2
    42 | D        | Reached *** piety under Trog
    42 | D        | Reached skill level 7 in Unarmed Combat
    44 | D        | Noticed a scorpion
    57 | D        | Killed a scorpion
    57 | D        | Reached skill level 9 in Unarmed Combat
    57 | D        | Reached XP level 4. HP: 37/44 MP: 3/3
    91 | D        | Noticed a water elemental
    96 | D        | Killed a water elemental
    96 | D        | Reached skill level 10 in Unarmed Combat
    96 | D        | Reached XP level 5. HP: 5/50 MP: 4/4
   180 | D        | Found a radiant altar of Vehumet.
   181 | D        | Found a deep blue altar of Sif Muna.
   181 | D        | Found an ancient bone altar of Kikubaaqudgha.
   181 | D        | Killed a white draconian scorcher
   186 | D        | Reached skill level 11 in Unarmed Combat
   186 | D        | Killed a white draconian scorcher
   190 | D        | Reached **** piety under Trog
   203 | D        | Found a glowing silver altar of Zin.
   204 | D        | Found a glowing golden altar of the Shining One.
   204 | D        | Found a white marble altar of Elyvilon.
   204 | D        | Noticed a deep elf mage
   209 | D        | Noticed a fire elemental
   209 | D        | Noticed a fire elemental
   211 | D        | Killed a deep elf mage
   211 | D        | Reached skill level 14 in Unarmed Combat
   211 | D        | Reached XP level 6. HP: 35/59 MP: 5/5
   211 | D        | Reached XP level 7. HP: 39/66 MP: 6/6
   372 | D        | Found an iron altar of Okawaru.
   372 | D        | Found a bloodstained altar of Trog.
   372 | D        | Noticed a human
   373 | D        | Noticed a human
   380 | D        | Killed a human
   380 | D        | Reached skill level 1 in Stealth
   380 | D        | Reached skill level 15 in Unarmed Combat
   386 | D        | Killed a human
   386 | D        | Reached ***** piety under Trog
   386 | D        | Reached skill level 16 in Unarmed Combat
   442 | D        | Killed a yaktaur
   490 | D        | Found a basalt altar of Yredelemnul.
   490 | D        | Found a snail-covered altar of Cheibriados.
   490 | D        | Found a blossoming altar of Fedhas.
   504 | D        | Noticed a shadow
   509 | D        | Killed a shadow
   509 | D        | Reached XP level 8. HP: 57/74 MP: 7/7
   522 | D        | Noticed an orc high priest
   524 | D        | Received a gift from Trog
   525 | D        | Noticed Erica
   529 | D        | Reached skill level 17 in Unarmed Combat
   536 | D        | Killed an orc high priest
   536 | D        | Reached skill level 18 in Unarmed Combat
   537 | D        | Received a gift from Trog
   544 | D        | Reached ****** piety under Trog
   548 | D        | Received a gift from Trog
   578 | D        | Found Estel's Gadget Boutique.
   619 | D        | Noticed a deep elf mage
   619 | D        | Noticed a deep elf mage
   619 | D        | Noticed a deep elf mage
   619 | D        | Noticed a deep elf mage
   619 | D        | Noticed a deep elf mage
   633 | D        | Killed a deep elf mage
   633 | D        | Reached skill level 19 in Unarmed Combat
   633 | D        | Reached XP level 9. HP: 80/80 MP: 8/8
   635 | D        | Killed a deep elf mage
   635 | D        | Received a gift from Trog
   648 | D        | Killed a deep elf mage
   648 | D        | Received a gift from Trog
   648 | D        | Reached skill level 20 in Unarmed Combat
   651 | D        | Killed a deep elf mage
   656 | D        | Killed a deep elf mage
   656 | D        | Reached XP level 10. HP: 85/88 MP: 9/9
   711 | D        | Killed Erica
   711 | D        | Reached skill level 21 in Unarmed Combat
   765 | D        | Noticed a centaur warrior
   772 | D        | Killed a centaur warrior
   772 | D        | Received a gift from Trog
   772 | D        | Reached skill level 5 in Stealth
   864 | D        | Received a gift from Trog
   875 | D        | Received a gift from Trog
   889 | D        | Received a gift from Trog
   902 | D        | HP: 6/132 [killer bee (4)]
   904 | D        | HP: 2/132 [poisoned by a killer bee]
   906 | D        | Succumbed to a killer bee's poison

Skill      XL: |  1  2  3  4  5  6  7  8  9 10 |
---------------+-------------------------------+-----
Unarmed Combat | 6 9 10 14 16 19 20 21 | 21.3
Stealth        | 1 2 3 7 |  7.8
Fighting       | |  2.6
Dodging        | |  2.5

Action                   |  1- 3 |  4- 6 |  7- 9 | 10-12 || total
-------------------------+-------+-------+-------+-------++-------
Melee: Unarmed           |    26 |    17 |    82 |    63 ||   188
       Punch             |     1 |       |     3 |     3 ||     7
Invok: Berserk           |       |       |     2 |     1 ||     3
 Stab: Distracted        |       |       |       |     1 ||     1
       Sleeping          |       |       |       |     1 ||     1
  Eat: Meat ration       |       |       |     1 |       ||     1
       Bread ration      |       |       |       |     1 ||     1
Armor: Animal skin       |     7 |     3 |    10 |     4 ||    24
Dodge: Dodged            |     4 |     5 |    25 |    22 ||    56
